 Seeded DCSS version 0.30.0-19-g36f170ea60 (webtiles) character file.

Game seed: 5 (custom seed)

956 Kazon the Chopper (level 7, -5/66 HPs)
             Began as a Troll Gladiator on May 31, 2023.
             Was a Follower of Okawaru.
             Slain by Duvessa
             ... wielding a +0 short sword
              (10 damage)
             ... on level 6 of the Dungeon.
             The game lasted 00:20:51 (3517 turns).

Kazon the Chopper (Troll Gladiator)                 Turns: 3517, Time: 00:20:51

Health: -5/66      AC:  6    Str: 23    XL:     7   Next: 91%
Magic:  0/16       EV: 17    Int:  6    God:    Okawaru [*.....]
Gold:   220        SH:  0    Dex: 25    Spells: 6/6 levels left

rFire   . . .        f - +0 hand axe (flame)
rCold   . . .        (no shield)
rNeg    . . .        b - +0 robe
rPois   .            c - +0 hat
rElec   .            D - +1 cloak of Happy Babbling {Will- rCorr Dex+8 Stlth+}
rCorr   +            (gloves unavailable)
SInv    .            (boots unavailable)
Will    .....        F - amulet of guardian spirit
Stlth   +++++        r - ring of magical power
HPRegen 1.11/turn    z - +6 ring of dexterity
MPRegen 0.15/turn

%: guardian spirit
@: heroic
A: large, unfitting armour, claws 3, regeneration 1, shaggy fur 1, tough skin 1
a: Renounce Religion, Heroism


You were on level 6 of the Dungeon.
You worshipped Okawaru.
Okawaru was aware of your devotion.
You visited 2 branches of the dungeon, and saw 7 of its levels.

You collected 220 gold pieces.

Inventory:

Hand Weapons
 a - a +0 war axe
 e - a +2 vampiric dagger
 f - a +0 hand axe of flaming (weapon)
Missiles
 d - 2 throwing nets (quivered)
 m - 3 boomerangs
 q - a large rock
 s - 3 poisoned darts
 H - 9 stones
Armour
 b - a +0 robe (worn)
 c - a +0 hat (worn)
 j - a +0 tower shield
 D - the +1 cloak of Happy Babbling (worn) {Will- rCorr Dex+8 Stlth+}
   (You acquired it on level 1 of the Dungeon)

   Dex:       It affects your dexterity (+8).
   rCorr:     It protects you from acid and corrosion.
   Will:      It decreases your willpower.
   Stlth:     It makes you more stealthy.
Jewellery
 r - a ring of magical power (left claw)
 z - a +6 ring of dexterity (right claw)
 F - an amulet of guardian spirit (around neck)
Wands
 C - a wand of paralysis (7)
Scrolls
 g - 2 scrolls of magic mapping {unknown}
 k - 2 scrolls of teleportation {unknown}
 n - 2 scrolls of identify {unknown}
 o - a scroll of summoning {unknown}
 p - a scroll of blinking {unknown}
 y - a scroll of torment {unknown}
 A - a scroll of amnesia {unknown}
 B - a scroll of poison {unknown}
Potions
 h - a potion of magic {unknown}
 i - a potion of resistance {unknown}
 l - 3 potions of curing {unknown}
 t - 3 potions of flight {unknown}
 u - a potion of berserk rage {unknown}
 v - 2 potions of invisibility {unknown}
 x - 2 potions of heal wounds {unknown}
 E - a potion of lignification {unknown}
 G - a potion of attraction {unknown}


   Skills:
 + Level 2.8(7.8) Fighting
 + Level 5.1(10.1) Axes
 + Level 0.2(5.2) Ranged Weapons
 + Level 2.2(7.2) Throwing
 + Level 3.7(8.7) Dodging
 + Level 0.5(5.5) Stealth
 * Level 2.9(7.9) Shields
 * Level 2.5 Invocations
 * Level 1.3 Evocations


You had 6 spell levels left.
You didn't know any spells.
Your spell library contained the following spells:

 Spells                   Type           Power      Damage    Failure   Level
 Frozen Ramparts          Ice            0%         1d1       83%         3
 Ice Form                 Ice/Tmut       0%         N/A       99%         4
 Summon Ice Beast         Ice/Summ       Unusable   N/A       N/A         4

Dungeon Overview and Level Annotations

Branches:
Dungeon (6/15)             Temple (1/1) D:4

Altars:
Dithmenos
Fedhas
Gozag
Hepliaklqana
Okawaru
Qazlal
Trog
Uskayaw
Wu Jian
The Shining One

Annotations:
D:6 Duvessa


Innate Abilities, Weirdness & Mutations

You are too large for most types of armour.
You have claws for hands.
Your natural rate of healing is unusually fast.
You are covered in fur. (AC +1)
You have tough skin. (AC +1)


Message History

Duvessa is moderately wounded.
Duvessa hits you but does no damage.
You closely miss Duvessa.
Duvessa is moderately wounded.
Duvessa hits you with a +0 short sword. x2
You hit Duvessa but do no damage.
Duvessa is moderately wounded.
Duvessa hits you with a +0 short sword.
* * * LOW HITPOINT WARNING * * *
Duvessa barely misses you.
You see here a poisoned dart.
Duvessa attacks as you move away! Duvessa closely misses you.
Duvessa hits you with a +0 short sword!
* * * LOW HITPOINT WARNING * * *
Things that are here:
a +0 dagger; a +0 robe Duvessa attacks as you move away!
Duvessa misses you. Duvessa hits you with a +0 short sword.
* * * LOW HITPOINT WARNING * * *
You see here the +2 sling "Qeuhanocyt" {speed, rElec Str-3 Dex+2}.
Duvessa hits you with a +0 short sword!
* * * LOW HITPOINT WARNING * * *
Duvessa attacks as you move away! Duvessa closely misses you.
There is a stone staircase leading up here.
You gain the combat prowess of a mighty hero.
Duvessa hits you with a +0 short sword.
* * * LOW HITPOINT WARNING * * *
Duvessa hits you with a +0 short sword.
* * * LOW HITPOINT WARNING * * *
You slash Duvessa! You burn Duvessa.
Duvessa is heavily wounded.
Duvessa misses you.
You slash Duvessa! You burn Duvessa.
Duvessa is severely wounded.
Duvessa hits you with a +0 short sword.
* * * LOW HITPOINT WARNING * * *
You hit Duvessa but do no damage.
Duvessa is severely wounded.
Duvessa hits you with a +0 short sword!
You die...

### ##### ####
#.# #.e@#
#...###.###.###
#..[..).).#
#....(#####
###.##(...#
..........#
..........#
.........##
.........#


You could see Duvessa (berserk).

Vanquished Creatures
  Sigmund (D:4)
  2 black bears (D:4)
  An ogre (D:5)
  A scorpion (D:4)
  Dowan (D:6)
  3 hounds (D:5)
  A jelly (D:5)
  4 iguanas
  4 gnolls (D:5)
  8 adders
  An ufetubus (D:4)
  3 worms
  6 orcs
  4 bats
  9 endoplasms
  A giant cockroach (D:1)
  12 goblins
  7 hobgoblins
  11 jackals
  3 kobolds
  3 quokkas (D:4)
  6 ball pythons
  3 frilled lizards
  4 rats
99 creatures vanquished.

Notes
Turn   | Place    | Note
-------+----------+-------------------------------------------
     0 | D:1      | Kazon the Troll Gladiator began the quest for the Orb.
     0 | D:1      | Reached XP level 1. HP: 19/19 MP: 0/0
    35 | D:1      | Identified a scroll of acquirement
    35 | D:1      | Acquired the +1 cloak of Happy Babbling {Will- rCorr Dex+8
                  | Stlth+}
    64 | D:1      | Reached XP level 2. HP: 27/28 MP: 1/1
   425 | D:1      | Reached XP level 3. HP: 35/35 MP: 2/2
   856 | D:2      | Reached skill level 3 in Axes
  1083 | D:2      | Reached XP level 4. HP: 12/42 MP: 3/3
  1530 | D:3      | Found a blossoming altar of Fedhas.
  1724 | D:3      | Found a stormy altar of Qazlal.
  1779 | D:3      | Reached skill level 1 in Shields
  1859 | D:3      | Identified the +2 sling "Qeuhanocyt" {speed, rElec Str-3
                  | Dex+2}
  2007 | D:3      | Found a faded altar of an unknown god.
  2025 | D:4      | Found a staircase to the Ecumenical Temple.
  2034 | Temple   | Entered the Ecumenical Temple
  2047 | Temple   | Became a worshipper of Warmaster Okawaru
  2112 | D:4      | Noticed a scorpion
  2124 | D:4      | Killed a scorpion
  2125 | D:4      | Reached XP level 5. HP: 32/49 MP: 4/4
  2579 | D:4      | Noticed a black bear
  2584 | D:4      | Killed a black bear
  2585 | D:4      | Reached skill level 4 in Axes
  2585 | D:4      | Reached skill level 1 in Invocations
  2585 | D:4      | Reached XP level 6. HP: 43/57 MP: 5/5
  2626 | D:4      | Reached * piety under Okawaru
  2638 | D:4      | Found a hazy altar of Hepliaklqana.
  2641 | D:4      | Found a shadowy altar of Dithmenos.
  2641 | D:4      | Noticed a shadow
  2887 | D:4      | Noticed Sigmund
  2890 | D:5      | Entered Level 5 of the Dungeon
  2928 | D:5      | Reached XP level 7. HP: 66/66 MP: 7/7
  3262 | D:5      | Reached skill level 1 in Evocations
  3417 | D:4      | Killed Sigmund
  3417 | D:4      | Reached ** piety under Okawaru
  3418 | D:4      | Reached skill level 5 in Axes
  3475 | D:6      | Noticed Dowan
  3487 | D:6      | Killed Dowan
  3488 | D:6      | Noticed Duvessa
  3517 | D:6      | Slain by Duvessa

Illustrated notes

Levels and vault maps discovered:
D:1:      ebering_trefoil_3fold, layout_basic, st_stairs_14, serial_bayou_ford_a
D:2:      layout_basic, hangedman_decor_growths, minmay_close_crescents
D:3:      layout_rooms, mainiacjoe_overflow_concentric_impassable,
          mainiacjoe_overflow_paths, shapermc_ecumenical_altar_acropolis,
          chequers_serial_rivers_micro_b
D:4:      layout_basic, riverfiend_overflow_shadow_ancestor,
          minmay_temple_entry_glass, uniq_sigmund
D:5:      layout_gridville
D:6:      layout_basic, xom_teletrap_fun, uniq_duvessa
Temple:   nicolae_temple_elliptical

Skill      XL: |  1  2  3  4  5  6  7 |
---------------+----------------------+-----
Dodging        | 3 |  3.7
Axes           | 3 4 5 |  5.1
Fighting       | 2 |  2.8
Shields        | 1 2 |  2.9
Invocations    | 1 2 |  2.5
Throwing       | 2 |  2.2
Evocations     | 1 |  1.3
Ranged Weapons | |  0.2
Stealth        | |  0.5

Action                     |  1- 3 |  4- 6 |  7- 9 || total
---------------------------+-------+-------+-------++-------
  Melee: War axe           |   116 |   134 |       ||   250
         Punch             |       |     1 |     2 ||     3
         Hand axe          |       |    14 |    69 ||    83
   Fire: Sling             |       |     7 |       ||     7
  Throw: Stone             |       |    17 |     5 ||    22
         Boomerang         |       |       |     5 ||     5
         Dart              |       |       |     2 ||     2
         Throwing net      |       |       |     1 ||     1
 Invoke: Heroism           |       |       |     2 ||     2
  Evoke: Wand              |       |       |     1 ||     1
    Use: Scroll            |     3 |       |       ||     3
   Stab: Sleeping          |       |       |     2 ||     2
 Armour: Robe              |    48 |    56 |    13 ||   117
  Dodge: Dodged            |    71 |    81 |    51 ||   203
